AoeStats
← erenyager958187

Arena

509238358Analyzed
1v1 RM · 8d ago on Sep 26, 2026· 17m 49s· 2 players
Game mode
Random Map
Map size
Tiny (2 player)
Population
200
Speed
Normal
Resources
Standard
Victory
Conquest
Starting age
Dark Age
Ending age
Imperial Age
RankedLock teamsTeams togetherTeam positionsShared explorationLock speedFull tech treeHidden civsTurbo modeCheats
Victory
Defeat
🇨🇦 Japanese · Canada
1086
+14
🇦🇷 Sicilians · Argentina
1048
-41
erenyager958187
11:47 Feudal Age
10:03 Loom
13:13 Double-Bit Axe
13:10 Horse Collar
Addicted8763
11:50 Feudal Age
15:28 Castle Age
13:56 Double-Bit Axe
14:30 Horse Collar
14:50 Gold Mining
16:07 Loom
Connection lost

Rejoining the realm…

Still unreachable

The connection could not be restored.

Session expired

The server has moved on; the page needs a fresh start.